 Dungeon Crawl Stone Soup version 0.17-a0-2118-g63bad21 (webtiles) character file.

126 4thArraOfDagon the Firebug (level 4, -2/24 HPs)
             Began as a Deep Elf Fire Elementalist on Oct 20, 2015.
             Slain by a hound (3 damage)
             ... on level 4 of the Dungeon.
             The game lasted 00:03:48 (597 turns).

4thArraOfDagon the Firebug (DEFE)                    Turns: 597, Time: 00:03:49

Health: -2/24      AC:  2    Str: 10      XL:     4   Next: 84%
Magic:  0/21       EV: 13    Int: 20 (21) God:
Gold:   71         SH:  0    Dex: 15      Spells: 3 memorised, 3 levels left

rFire  . . .     SeeInvis .     (no weapon)
rCold  . . .     Clarity  .     a - +0 robe
rNeg   . . .     SustAt   .     (no shield)
rPois  .         Gourm    .     (no helmet)
rElec  .         Spirit   .     (no cloak)
rCorr  .         Warding  .     (no gloves)
rMut   .         Stasis   .     (no boots)
MR     .....                    (no amulet)
Stlth  +.........               e - ring of loudness (curse)
                                d - ring of magical power

@: mighty, very slightly contaminated, not resistant to hostile enchantments,
very unstealthy
A: no striking features
a: no special abilities


You were on level 4 of the Dungeon.
You were hungry.

You visited 1 branch of the dungeon, and saw 4 of its levels.

You collected 71 gold pieces.

Inventory:

Armour
 a - a +0 robe (worn)
Jewellery
 d - a ring of magical power (left hand)
 e - a cursed ring of loudness (right hand)
Books
 b - a book of Flames

   Spells                             Type                      Level
   a - Flame Tongue                   Conjuration/Fire             1
   b - Throw Flame                    Conjuration/Fire             2
   c - Conjure Flame                  Conjuration/Fire             3
   d - Inner Flame                    Hexes/Fire                   3
   e - Sticky Flame                   Conjuration/Fire             4
   f - Fireball                       Conjuration/Fire             5
Comestibles
 c - a bread ration


   Skills:
 - Level 2.4 Dodging
 - Level 2.4 Stealth
 + Level 4.0 Spellcasting
 * Level 3.2 Conjurations
 * Level 4.7 Fire Magic


You had 3 spell levels left.
You knew the following spells:

 Your Spells              Type           Power        Failure   Level  Hunger
a - Flame Tongue          Conj/Fire      ###..        2%          1    None
b - Conjure Flame         Conj/Fire      ###.....     10%         3    ###....
c - Sticky Flame          Conj/Fire      ###.....     30%         4    ####...


Dungeon Overview and Level Annotations

Branches:
Dungeon (4/15)
 Temple: D:4-7

Altars:


Message History

The hound barely misses you.
Unknown command.
You closely miss the hound.
The hound is lightly wounded.
The hound bites you.
* * * LOW HITPOINT WARNING * * *
The crimson imp lashes its tail.
The worm closely misses you.
Unknown command.
Unknown command.
Casting: Sticky Flame
Confirm with . or Enter, or press ? or * to list all spells.
Aiming: Sticky Flame
Press: ? - help, Shift-Dir - straight line, f/p - hound
Aim: a hound (lightly wounded)
You miscast Sticky Flame.
You have a brief vision of globes of primordial fire.
You are feeling hungry.
The hound bites you.
You die...

#.....#####.####.#
............)..#.#
#.....#####.##.#.#
##...##
#.##.#.#### .#####
#.........# .#
#### ###..####.#
.# ....# #..####.#
.##.....#
#.5w.##.#
#5......#
#.##@##.#
.##.....#
#.##h##.# ## ....#
#......w# # ####
###.....# #
#.⌠...# # ##
.....## # ..
#....# #####.###
#...## ##......#


You could see a worm, a hound and a crimson imp.

Vanquished Creatures
  2 orc wizards (D:4)
  6 adders
  A worm (D:2)
  A giant gecko (D:4)
  An orc (D:4)
  A ball python (D:2)
  2 hobgoblins (D:2)
  2 kobolds
  4 goblins
  4 rats
24 creatures vanquished.

Notes
Turn   | Place    | Note
--------------------------------------------------------------
     0 | D:1      | 4thArraOfDagon the Deep Elf Fire Elementalist began the quest for the Orb.
     0 | D:1      | Reached XP level 1. HP: 10/10 MP: 6/6
    81 | D:2      | Reached XP level 2. HP: 13/15 MP: 4/8
   151 | D:2      | Reached skill level 4 in Fire Magic
   151 | D:2      | Reached XP level 3. HP: 8/19 MP: 1/9
   258 | D:2      | Learned a level 3 spell: Conjure Flame
   417 | D:3      | Reached XP level 4. HP: 22/24 MP: 11/11
   454 | D:4      | Learned a level 4 spell: Sticky Flame
   596 | D:4      | HP: 1/24 [hound (5)]
   597 | D:4      | Slain by a hound

Vault maps used:
D:1:      onia_arrival_mini_spirals, st_stairs_4
D:2:      kennysheep_the_goblin_king, old_standard_altar, uniq_natasha
D:3:      nicolae_overflow_hidden_temple, uniq_grinder
D:4:      lemuel_crystal_altar, first_bread, hangedman_feature_mirror,
          uniq_sigmund

Action                   |  1- 3 |  4- 6 || total
-------------------------+-------+-------++-------
Melee: Unarmed           |       |     5 ||     5
 Cast: Flame Tongue      |    48 |     5 ||    53
       Conjure Flame     |       |     2 ||     2
       Sticky Flame      |       |     2 ||     2
  Use: Potion            |     2 |     2 ||     4
       Scroll            |     3 |     1 ||     4
